 Dungeon Crawl Stone Soup version 0.20.1-1-g8b1a95d (webtiles) character file.

63 equalderp2856 the Covered (level 3, -5/33 HPs)
             Began as a Minotaur Fighter on Oct 21, 2017.
             Slain by a gnoll
             ... wielding a +0 whip
              (6 damage)
             ... on level 2 of the Dungeon.
             The game lasted 00:01:31 (1013 turns).

equalderp2856 the Covered (Minotaur Fighter)        Turns: 1013, Time: 00:01:31

Health: -5/33      AC:  8    Str: 20    XL:     3   Next: 87%
Magic:  2/2        EV:  7    Int:  5    God:
Gold:   71         SH:  9    Dex: 10    Spells: 2/2 levels left

rFire    . . .     SeeInvis .   a - +0 war axe
rCold    . . .     Gourm    .   c - +0 shield
rNeg     . . .     Faith    .   b - +0 scale mail
rPois    .         Spirit   .   (helmet restricted)
rElec    .         Reflect  .   (no cloak)
rCorr    .         Harm     .   (no gloves)
MR       .....                  e - +0 pair of boots
Stlth    ..........             (no amulet)
Regen    0.2/turn               (no ring)
MPRegen  0.1/turn               (no ring)

@: no status effects
A: retaliatory headbutt, horns 2
a: no special abilities


You were on level 2 of the Dungeon.
You were not hungry.

You visited 1 branch of the dungeon, and saw 3 of its levels.

You collected 71 gold pieces.

Inventory:

Hand Weapons
 a - a +0 war axe (weapon)
Armour
 b - a +0 scale mail (worn)
 c - a +0 shield (worn)
 e - a +0 pair of boots (worn)
 w - a +0 pair of boots
Jewellery
 o - an uncursed ring of flight {unknown}
 q - a +3 ring of evasion {unknown}
 r - a +1 ring of protection {unknown}
 v - an uncursed ring of wizardry {unknown}
Wands
 y - a wand of lightning (5/15)
Scrolls
 g - a scroll of fog {unknown}
 j - 2 scrolls of remove curse {unknown}
 k - a scroll of enchant weapon {unknown}
 n - 4 scrolls of identify {unknown}
 p - a scroll of immolation {unknown}
 s - a scroll of amnesia {unknown}
 t - 2 scrolls of fear {unknown}
Potions
 d - a potion of might
 h - a potion of haste {unknown}
 i - 2 potions of agility {unknown}
 l - 2 potions of magic {unknown}
 u - a potion of mutation {unknown}
 x - 3 potions of curing {unknown}
Comestibles
 f - a bread ration
 m - 3 meat rations


   Skills:
 + Level 4.1 Fighting
 + Level 3.4 Axes
 + Level 4.3 Armour
 + Level 1.0 Dodging
 + Level 3.9 Shields


You had 2 spell levels left.
You didn't know any spells.

Dungeon Overview and Level Annotations

Branches:
Dungeon (3/15)

Altars:


Innate Abilities, Weirdness & Mutations

You reflexively headbutt those who attack you in melee.
You have a pair of horns on your head.


Message History

There is a stone staircase leading down here.
You block the gnoll's attack. x2
You climb downwards.
You block the gnoll's attack. The gnoll hits you with a spear.
The gnoll barely misses you. The gnoll closely misses you.
You furiously retaliate!
You headbutt the gnoll! The gnoll hits you with a spear.
There is a stone staircase leading up here.
Unknown command.
The gnoll hits you with a whip.
* * * LOW HITPOINT WARNING * * *
The gnoll hits you with a club!
* * * LOW HITPOINT WARNING * * *
You block the gnoll's attack. The gnoll barely misses you.
You block the gnoll's attack.
You climb upwards.
There is a stone staircase leading down here.
Okay, then.
The gnoll hits you but does no damage. The gnoll hits you with a whip.
You die...

..# #...#.## #.'..###..'.####
###
###....#######.#..(#...#.....
##...#.......#.......######
##..#......##.......#
##.#......#####'######
#..........##.......####
#.......................
##...........#######.#...
###.......@g...# #.....
#...#.....g.g..# ##....
#.###.....gg>..# #..## #.#
#..........# ##..# #.#
#..........## ##.# ##.#
##..........#### #.#
######..# #.............# #.#
..##...## #.........###.##
#.# ........## #.........#
#..## #.#


You could see 5 gnolls.

Vanquished Creatures
  A gnoll (D:3)
  An adder (D:2)
  An ooze (D:2)
  A dart slug (D:2)
  2 leopard geckos (D:2)
  An orc (D:3)
  2 giant cockroaches (D:1)
  4 goblins
  4 hobgoblins
  3 jackals (D:1)
  3 kobolds
  6 bats
  3 frilled lizards
  A rat (D:1)
33 creatures vanquished.

Notes
Turn   | Place    | Note
-------+----------+-------------------------------------------
     0 | D:1      | equalderp2856 the Minotaur Fighter began the quest for the Orb.
     0 | D:1      | Reached XP level 1. HP: 19/19 MP: 0/0
   228 | D:1      | Reached XP level 2. HP: 27/27 MP: 1/1
   756 | D:2      | Reached XP level 3. HP: 33/33 MP: 2/2
   980 | D:3      | Reached skill level 1 in Dodging
  1010 | D:3      | HP: 1/33 [gnoll/club (8)]
  1013 | D:2      | Slain by a gnoll

Skill      XL: |  1  2  3 |
---------------+----------+-----
Armour         | 4 |  4.3
Fighting       | 4 |  4.1
Axes           | 3 |  3.4
Dodging        | 1 |  1.0
Shields        | |  3.9

Action                   || total
-------------------------++-------
Melee: War axe           ||    74
       Headbutt          ||     8
Armor: Scale mail        ||    42
Dodge: Dodged            ||    23
Block: Shield            ||    51
